 Dungeon Crawl Stone Soup version 0.19.1-1-g22dce08 (webtiles) character file.

107 spooks32 the Conjurer (level 4, -1/24 HPs)
             Began as a Deep Elf Conjurer on Jan 6, 2017.
             Slain by a gnoll
             ... wielding a +0 whip
              (5 damage)
             ... on level 3 of the Dungeon.
             The game lasted 00:12:12 (2674 turns).

spooks32 the Conjurer (Deep Elf Conjurer)           Turns: 2674, Time: 00:12:12

Health: -1/24      AC:  3    Str:  6    XL:     4   Next: 56%
Magic:  6/10       EV: 12    Int: 20    God:
Gold:   85         SH:  0    Dex: 15    Spells: 3 memorised, 2 levels left

rFire  . . .     SeeInvis .     k - +2 dagger (drain)
rCold  . . .     Gourm    .     m - +0 leather armour
rNeg   . . .     Faith    .     (no shield)
rPois  .         Spirit   .     (no helmet)
rElec  .         Reflect  .     (no cloak)
rCorr  .         Harm     .     (no gloves)
MR     .....                    (no boots)
Stlth  ++........               (no amulet)
                                (no ring)
                                (no ring)

@: no status effects
A: no striking features
a: no special abilities


You were on level 3 of the Dungeon.
You were not hungry.

You visited 1 branch of the dungeon, and saw 4 of its levels.

You collected 85 gold pieces.

Inventory:

Hand Weapons
 f - a +0 dagger
 k - a +2 dagger of draining (weapon)
 o - a +0 mace
Armour
 a - a +0 robe
 c - +0 storm dragon scales
 e - the +4 plate armour "Vulaghung" {*Contam rC++ MR+ Stlth+, unknown}
   (You found it on level 4 of the Dungeon)

   It greatly protects you from cold.
   It affects your resistance to hostile enchantments.
   It causes magical contamination when unequipped.
   It makes you more stealthy.
 m - a +0 leather armour (worn)
Jewellery
 p - an uncursed amulet of rage
Scrolls
 d - a scroll of blinking
 i - a scroll of magic mapping {unknown}
 j - 4 scrolls of amnesia
 l - 2 scrolls of fog {unknown}
 n - a scroll of recharging {unknown}
 q - a scroll of enchant weapon {unknown}
Potions
 s - a potion of haste {unknown}
 u - a potion of cancellation {unknown}
Books
 b - a book of Conjurations

   Spells                             Type                      Level
   a - Magic Dart                     Conjuration                  1
   b - Searing Ray                    Conjuration                  2
   c - Dazzling Spray                 Conjuration/Hexes            3
   d - Fulminant Prism                Conjuration/Hexes            4
   e - Iskenderun's Mystic Blast      Conjuration                  4
   f - Iskenderun's Battlesphere      Conjuration/Charms           5
Comestibles
 r - a meat ration
 t - a bread ration
 v - a beef jerky


   Skills:
 - Level 2.4 Dodging
 - Level 2.4 Stealth
 - Level 3.0 Spellcasting
 + Level 6.6 Conjurations


You had 2 spell levels left.
You knew the following spells:

 Your Spells              Type           Power        Failure   Level  Hunger
a - Magic Dart            Conj           ####         1%          1    None
b - Searing Ray           Conj           ####..       2%          2    ##.....
c - Iskenderun's Mystic   Conj           ####....     17%         4    ####...


Dungeon Overview and Level Annotations

Branches:
Dungeon (4/15)
 Temple: D:4-7

Altars:
Fedhas

Annotations:
D:2 Robin


Message History

It was a potion of cure mutation.
It has a very clean taste.
The gnoll hits you with a whip.
* * * LOW HITPOINT WARNING * * *
It was a potion of curing.
You feel better. The gnoll hits you with a whip.
* * * LOW HITPOINT WARNING * * *
You feel better. The gnoll hits you with a whip.
You can't go down here!
The gnoll hits you with a whip.
* * * LOW HITPOINT WARNING * * *
You climb upwards.
There is a stone staircase leading down here.
Casting: Searing Ray
Confirm with . or Enter, or press ? or * to list all spells.
Aiming: Magic Dart
Press: ? - help, Shift-Dir - straight line, f - gnoll
Aim: a gnoll, wielding a whip (severely wounded)
The magic dart hits the gnoll.
The gnoll is almost dead.
The gnoll hits you with a whip.
You die...

##.....#....
##...........
#............
#............
#............
########.......†.>..
##...##..............
##..>......<...(......
#...g@.............)..
#................#....
#..........).#######.#
##..........## #.#
##...#....## ...
#####.##.# ....
#.##..# .... #.. ..#
.... ### ..#


You could see a gnoll.

Vanquished Creatures
  A hound skeleton (D:4)
  3 gnolls (D:4)
  An adder (D:3)
  A worm (D:2)
  2 dart slugs (D:1)
  2 leopard geckos
  2 orcs (D:3)
  7 bats
  A giant cockroach (D:3)
  12 goblins
  5 hobgoblins
  A ball python (D:3)
  2 frilled lizards
  A leopard gecko skeleton (D:4)
  5 rats
46 creatures vanquished.

Notes
Turn   | Place    | Note
-------+----------+-------------------------------------------
     0 | D:1      | spooks32 the Deep Elf Conjurer began the quest for the Orb.
     0 | D:1      | Reached XP level 1. HP: 10/10 MP: 6/6
   248 | D:1      | Reached XP level 2. HP: 15/15 MP: 5/8
   278 | D:1      | Learned a level 2 spell: Searing Ray
   538 | D:1      | Reached skill level 5 in Conjurations
  1298 | D:2      | Noticed Robin
  1312 | D:2      | Reached XP level 3. HP: 19/19 MP: 6/9
  1377 | D:2      | Found a faded altar of an unknown god.
  1377 | D:2      | Found a blossoming altar of Fedhas.
  1383 | D:2      | Found a faded altar of an unknown god.
  1388 | D:2      | Found a faded altar of an unknown god.
  1390 | D:2      | Found a faded altar of an unknown god.
  2052 | D:3      | Reached skill level 6 in Conjurations
  2107 | D:3      | Found a faded altar of an unknown god.
  2242 | D:4      | Got a spiked plate armour
  2395 | D:4      | Reached XP level 4. HP: 24/24 MP: 5/10
  2596 | D:3      | Learned a level 4 spell: Iskenderun's Mystic Blast
  2674 | D:3      | Slain by a gnoll

Skill      XL: |  1  2  3 |
---------------+----------+-----
Conjurations   | 5 6 |  6.6
Dodging        | |  2.4
Stealth        | |  2.4
Spellcasting   | |  3.0

Action                   |  1- 3 |  4- 6 || total
-------------------------+-------+-------++-------
Melee: Dagger            |    15 |       ||    15
 Cast: Magic Dart        |    73 |     8 ||    81
       Searing Ray       |    10 |     7 ||    17
       Iskenderun's Myst |       |     1 ||     1
  Use: Scroll            |     4 |       ||     4
       Potion            |       |     3 ||     3
 Stab: Sleeping          |     1 |       ||     1
  Eat: Bread ration      |     1 |       ||     1
       Meat ration       |       |     1 ||     1
Armor: Robe              |     1 |       ||     1
       Leather armour    |     2 |       ||     2
Dodge: Dodged            |    21 |     2 ||    23
